 Dungeon Crawl Stone Soup version 0.26-a0-21-gf97e55dc39 (webtiles) character file.

Game seed: 17468176368431251623, levelgen mode: deterministic

7016 vurker the Zephyrmancer (level 11, 0/66 HPs)
             Began as a Tengu Air Elementalist on May 26, 2020.
             Was a Believer of Vehumet.
             Slain by a six-headed hydra (15 damage)
             ... on level 9 of the Dungeon.
             The game lasted 00:18:05 (12476 turns).

vurker the Zephyrmancer (Tengu Air Elementalist)   Turns: 12476, Time: 00:18:06

Health: 0/66       AC:  5    Str:  9    XL:     11   Next: 8%
Magic:  12/34      EV: 13    Int: 19    God:    Vehumet [**....]
Gold:   827        SH:  4    Dex: 14    Spells: 18/28 levels left

rFire    . . .     SeeInvis .   c - +1 dagger
rCold    + . .     Gourm    .   B - +0 buckler
rNeg     . . .     Faith    .   f - +1 leather armour {rPois}
rPois    +         Spirit   .   (helmet restricted)
rElec    .         Reflect  .   o - +0 cloak
rCorr    .         Harm     .   i - -1 pair of gloves (curse)
MR       .....                  (boots unavailable)
Stlth    ++........             (no amulet)
HPRegen  0.21/turn              b - ring of magical power
MPRegen  0.24/turn              y - ring of protection from cold

@: flying quickly and evasively, quick
A: beak, talons 3, able to fly
a: Stop Flying, Renounce Religion


You were on level 9 of the Dungeon.
You worshipped Vehumet.
Vehumet was pleased with you.
You were very hungry.

You visited 2 branches of the dungeon, and saw 10 of its levels.

You collected 827 gold pieces.

Inventory:

Hand Weapons
 c - a +1 dagger (weapon)
   (You took it off a kobold on level 1 of the Dungeon)
Armour
 f - a +1 leather armour of poison resistance (worn)
   (You found it on level 1 of the Dungeon)
 i - a cursed -1 pair of gloves (worn)
   (You found it on level 7 of the Dungeon)
 n - a +2 robe of magic resistance
   (You took it off Sigmund on level 2 of the Dungeon)
 o - a +0 cloak (worn)
   (You took it off Maurice on level 8 of the Dungeon)
 B - a +0 buckler (worn)
   (You found it on level 9 of the Dungeon)
Magical Staves
 x - an uncursed staff of fire
   (You found it on level 8 of the Dungeon)
Jewellery
 b - a ring of magical power (left hand)
   (You found it on level 1 of the Dungeon)
 y - a ring of protection from cold (right hand)
   (You found it on level 8 of the Dungeon)
Wands
 p - a wand of polymorph (11)
   (You found it on level 5 of the Dungeon)
 t - a wand of flame (15)
   (You found it on level 7 of the Dungeon)
Scrolls
 d - 2 scrolls of teleportation
 h - 4 scrolls of fog
 k - a scroll of noise
 q - a scroll of immolation
 r - a scroll of magic mapping
 u - a scroll of fear
 v - a scroll of blinking
 w - 3 scrolls of identify
 z - a scroll of remove curse
Potions
 a - 2 potions of curing
 g - a potion of ambrosia
 j - a potion of invisibility
 l - a potion of mutation
 m - a potion of magic
 s - a potion of heal wounds
Comestibles
 e - 21 rations
 A - 6 chunks of flesh


   Skills:
 + Level 6.7 Fighting
 - Level 2.1 Dodging
 - Level 2.0 Stealth
 * Level 1.6 Shields
 * Level 9.2 Spellcasting
 - Level 8.0 Conjurations
 * Level 12.9 Air Magic


You had 18 spell levels left.
You knew the following spells:

 Your Spells              Type           Power        Failure   Level  Hunger
a - Shock                 Conj/Air       ####         1%          1    None
b - Lightning Bolt        Conj/Air       #####.....   6%          5    #####..
c - Airstrike             Air            ######....   1%          4    ###....

Your spell library contained the following spells:

 Spells                   Type           Power        Failure   Level  Hunger
 Searing Ray              Conj           #####.       1%          2    None
 Swiftness                Chrm/Air       ####....     1%          2    None
 Static Discharge         Conj/Air       #####...     1%          3    None


Dungeon Overview and Level Annotations

Branches:
Dungeon (9/15)             Temple (1/1) D:4
   Lair: D:8-11         Orc: D:9-12

Altars:
Ashenzari
Cheibriados
Dithmenos
Elyvilon
Fedhas
Gozag
Hepliaklqana
Kikubaaqudgha
Makhleb
Nemelex Xobeh
Okawaru
Qazlal
Ru
Sif Muna
Trog
Uskayaw
Vehumet
Wu Jian
Xom
Yredelemnul
Zin
The Shining One

Shops:
D:7 !


Innate Abilities, Weirdness & Mutations

You have a beak for a mouth.
You have claws for feet.
You can fly continuously.


Message History

You hear a mighty clap of thunder!
The bolt of lightning hits the orc!!!
You kill the orc!
Vehumet accepts your kill.
You feel your power returning.
The bolt of lightning hits the six-headed hydra.
A wyvern comes into view.
Aim: a six-headed hydra You hear a mighty clap of thunder!
The bolt of lightning hits the six-headed hydra!!
The bolt of lightning hits the quokka!!
You kill the quokka!
Vehumet accepts your kill.
You feel your power returning.
The bolt of lightning hits the orc warrior!
The wyvern hisses angrily.
You hear a shout!
You see here a club.
Aim: a six-headed hydra (moderately wounded)
You hear a mighty clap of thunder!
The bolt of lightning hits the six-headed hydra!
You hear a chilling moan.
You see here 25 stones.
You see here 16 stones.
The wyvern barely misses you.
You see here a wand of random effects (24).
Aim: a six-headed hydra (moderately wounded)
You hear a mighty clap of thunder!
The bolt of lightning hits the wyvern!!
The bolt of lightning hits the six-headed hydra!!
You are feeling hungry.
The wyvern bites you!
Aim: a six-headed hydra (almost dead)
You hear a mighty clap of thunder!
The bolt of lightning hits the wyvern!
You kill the wyvern!
Vehumet accepts your kill.
The bolt of lightning hits the six-headed hydra!
You see here 2 large rocks.
Aim: a six-headed hydra (severely wounded)
You hear a mighty clap of thunder!
The bolt of lightning hits the six-headed hydra!
You are feeling very hungry.
You hear a howl!
The six-headed hydra barely misses you. The six-headed hydra bites you!
The six-headed hydra barely misses you. The six-headed hydra bites you!
* * * LOW HITPOINT WARNING * * *
The six-headed hydra bites you!
* * * LOW HITPOINT WARNING * * *
The six-headed hydra bites you!
You die...

#####.#
#.#(#..o.(..........
......#
#.#..(.(..........##
#######
#.###o.((.(.......#
#
##.(/..............#
#
#...##(..(.(.......#
#
#.#.###.....##.....#
###
#.#.....#...##.....#
#<#####
#.#####.#.#<##.....#
......#
#..D@.......##.....#
#.###.#
##############.....#
#.#...# #######
#.#.### ..#.####
###....# #.##.#####
######.....#
....######.#


You could see a six-headed hydra.

Vanquished Creatures
  Pikel (D:8)
  A cyclops (D:9)
  Joseph (D:8)
  Maurice (D:8)
  Psyche (D:8)
  A troll (D:9)
  Sigmund (D:2)
  A wyvern (D:9)
  A yak (D:7)
  3 hogs (D:7)
  A human (D:7)
  Grum (D:9)
  2 hungry ghosts
  A soldier ant (D:7)
  2 orc warriors (D:7)
  4 sky beasts
  2 slaves (D:7)
  3 ice beasts
  A phantom (D:7)
  4 ogres
  A wolf (D:9)
  A crocodile (D:8)
  A big kobold (D:7)
  2 bullfrogs (D:7)
  3 scorpions
  3 killer bees (D:8)
  3 wights (D:8)
  An electric eel (D:7)
  3 crimson imps
  A centaur zombie (D:7)
  4 jellies
  3 hounds
  2 bullfrog skeletons (D:8)
  4 orc priests
  Jessica (D:2)
  4 iguanas
  11 orc wizards
  9 worker ants
  A hound zombie (D:5)
  A hound skeleton (D:7)
  4 gnolls (D:7)
  9 adders
  A river rat (D:5)
  2 oozes
  An adder zombie (D:7)
  An adder skeleton (D:7)
  3 worms
  2 dart slugs (D:2)
  5 leopard geckos
  30 orcs
  6 giant cockroaches
  5 goblins
  4 hobgoblins (D:2)
  2 jackals (D:3)
  8 quokkas
  2 ball pythons
  5 bats
  4 frilled lizards
  13 kobolds
  A leopard gecko skeleton (D:7)
  A quokka skeleton (D:6)
  A quokka zombie (D:7)
  7 rats
209 creatures vanquished.

Vanquished Creatures (others)
  A human (D:6)
  An ogre (D:8)
  A worker ant (D:8)
  2 jackals (D:8)
5 creatures vanquished.

Grand Total: 214 creatures vanquished

Notes
Turn   | Place    | Note
-------+----------+-------------------------------------------
     0 | D:1      | vurker the Tengu Air Elementalist began the quest for the
                  | Orb.
     0 | D:1      | Reached XP level 1. HP: 10/10 MP: 4/4
   587 | D:1      | Reached XP level 2. HP: 13/16 MP: 0/6
  1078 | D:2      | Noticed Jessica
  1185 | D:2      | Reached XP level 3. HP: 20/20 MP: 1/7
  1394 | D:2      | Killed Jessica
  1394 | D:2      | Reached skill level 1 in Fighting
  1509 | D:2      | Noticed Sigmund
  1525 | D:2      | Killed Sigmund
  1525 | D:2      | Reached skill level 5 in Air Magic
  1525 | D:2      | Reached XP level 4. HP: 25/26 MP: 10/10
  1525 | D:2      | Gained mutation: You can fly continuously. [Tengu growth]
  1525 | D:2      | Reached XP level 5. HP: 28/30 MP: 10/11
  1590 | D:2      | Learned a level 5 spell: Lightning Bolt
  1595 | D:2      | Learned a level 4 spell: Airstrike
  1840 | D:2      | Found a bloodstained altar of Trog.
  1850 | D:2      | Reached XP level 6. HP: 35/35 MP: 12/12
  1868 | D:2      | Found a glowing silver altar of Zin.
  2188 | D:3      | Reached skill level 6 in Air Magic
  2501 | D:3      | Found a burning altar of Makhleb.
  3349 | D:4      | Found a staircase to the Ecumenical Temple.
  3512 | Temple   | Entered the Ecumenical Temple
  3702 | Temple   | Became a worshipper of Vehumet
  3908 | D:4      | Reached XP level 7. HP: 32/40 MP: 13/14
  4902 | D:4      | Found a sacrificial altar of Ru.
  5042 | D:5      | Entered Level 5 of the Dungeon
  5163 | D:5      | Reached skill level 5 in Conjurations
  5163 | D:5      | Reached skill level 7 in Air Magic
  5640 | D:5      | Reached XP level 8. HP: 46/46 MP: 12/16
  6060 | D:6      | Reached skill level 5 in Spellcasting
  6268 | D:6      | Reached skill level 8 in Air Magic
  6443 | D:6      | Reached * piety under Vehumet
  6443 | D:6      | Offered knowledge of Sandblast by Vehumet.
  6741 | D:6      | Found an ancient bone altar of Kikubaaqudgha.
  6916 | D:6      | Found a glowing golden altar of the Shining One.
  6925 | D:6      | Found a basalt altar of Yredelemnul.
  7373 | D:7      | Found a blossoming altar of Fedhas.
  7373 | D:7      | Found a sacrificial altar of Ru.
  7373 | D:7      | Found a hide-covered altar of Uskayaw.
  7446 | D:7      | Reached XP level 9. HP: 25/52 MP: 2/18
  7575 | D:7      | Found an ornate altar of the Wu Jian Council.
  7660 | D:7      | Found a snail-covered altar of Cheibriados.
  7692 | D:7      | Reached skill level 9 in Air Magic
  8367 | D:7      | Reached ** piety under Vehumet
  8369 | D:7      | Offered knowledge of Foxfire by Vehumet.
  8644 | D:7      | Reached skill level 10 in Air Magic
  8834 | D:7      | Found Otonn's Distillery.
  8928 | D:7      | Reached skill level 5 in Fighting
  9229 | D:7      | Reached XP level 10. HP: 46/59 MP: 22/22
  9236 | D:7      | Reached skill level 11 in Air Magic
  9858 | D:8      | Noticed Psyche
  9861 | D:8      | Killed Psyche
 10225 | D:8      | Noticed Maurice
 10235 | D:8      | Killed Maurice
 10464 | D:8      | Noticed Pikel
 10611 | D:8      | Killed Pikel
 10611 | D:8      | Reached skill level 12 in Air Magic
 10750 | D:8      | Offered knowledge of Searing Ray by Vehumet.
 10896 | D:8      | Noticed Joseph
 10903 | D:8      | Killed Joseph
 11658 | D:9      | Noticed a cyclops
 11662 | D:9      | Killed a cyclops
 11963 | D:9      | Noticed Grum
 11975 | D:9      | Killed Grum
 12092 | D:9      | Reached XP level 11. HP: 66/66 MP: 17/25
 12193 | D:9      | Reached skill level 1 in Shields
 12419 | D:9      | Noticed a six-headed hydra
 12476 | D:9      | Slain by a six-headed hydra

Illustrated notes

Levels and vault maps discovered:
D:1:      lightli_arrival_statuegarden, layout_basic, minmay_tromino_v2
D:2:      layout_rooms, marbit_many_paths, overflow_temple_1_default,
          minivault_26, minmay_misc_feat_secret_circle, uniq_sigmund,
          uniq_jessica
D:3:      layout_loops_ring, lemuel_doored_altar, first_ration,
          kennysheep_cross_bottleneck, kennysheep_path_1
D:4:      layout_basic, minmay_temple_entry_ruins,
          nicolae_ru_the_path_less_chosen
D:5:      layout_basic, serial_curves, eino_curves_02, eino_curves_03,
          portal_sewer_entry_b, supply_closet_lemuel
D:6:      layout_cave_pods, grunt_temple_overflow_holy_war, tgw_kikubaaqudgha
D:7:      minmay_polygon_palace, layout_basic,
          chequers_temple_overflow_statue_of_worship, kennysheep_mini,
          serial_shops, nicolae_shop_crystal, basic_altar, kennysheep_donut,
          grunt_livestock, palyth_stone_intersect, minmay_small_thing
D:8:      layout_basic, uniq_pikel, uniq_psyche, uniq_maurice, uniq_joseph
D:9:      minmay_opposing_rooms, layout_basic, minmay_sticks_and_stones,
          uniq_grum, uniq_maggie
Temple:   oiseaux_autumnal_temple

Skill      XL: |  1  2  3  4  5  6  7  8  9 10 11 |
---------------+----------------------------------+-----
Conjurations   | 2 3 4 5 7 8 |  8.0
Fighting       | 2 3 4 5 6 |  6.7
Spellcasting   | 3 4 5 7 9 |  9.2
Air Magic      | 5 6 7 8 10 12 | 12.9
Shields        | 1 |  1.6
Dodging        | |  2.1
Stealth        | |  2.0

Action                   |  1- 3 |  4- 6 |  7- 9 | 10-12 || total
-------------------------+-------+-------+-------+-------++-------
Melee: Dagger            |     2 |     3 |     7 |    18 ||    30
       Peck              |     1 |       |       |     1 ||     2
       Kick              |       |       |     2 |       ||     2
 Cast: Shock             |    67 |   127 |   249 |   108 ||   551
       Airstrike         |       |       |    36 |    55 ||    91
       Lightning Bolt    |       |       |     1 |    10 ||    11
 Abil: Fly               |       |     1 |       |       ||     1
  Use: Potion            |     3 |       |       |     2 ||     5
       Scroll            |       |     6 |    14 |     1 ||    21
 Stab: Sleeping          |     1 |       |       |       ||     1
  Eat: Chunk             |     3 |     7 |    17 |     9 ||    36
       Ration            |       |       |     1 |     2 ||     3
Armor: Leather armour    |       |     4 |     9 |     5 ||    18
       Skin              |       |       |       |    24 ||    24
Dodge: Dodged            |     7 |    28 |    52 |    34 ||   121

Table legend:
 A = Non-vault XP
 B = Vault XP
 C = Vault XP percentage of total XP
 D = Non-vault monster count
 E = Vault monster count
 F = Vault count percentage of total count
                 A         B        C        D         E       F
            +---------+---------+-------+---------+---------+-------
      Total |    5246 |    4778 |  47.7 |     168 |      39 |  18.8
            +---------+---------+-------+---------+---------+-------
        D:1 |      11 |       2 |  15.4 |       8 |       1 |  11.1
        D:2 |      57 |     266 |  82.4 |      21 |       3 |  12.5
        D:3 |     112 |       0 |   0.0 |      24 |       0 |   0.0
        D:4 |     312 |       0 |   0.0 |      13 |       0 |   0.0
        D:5 |     608 |      19 |   3.0 |      14 |       5 |  26.3
        D:6 |     579 |       0 |   0.0 |      16 |       0 |   0.0
        D:7 |    1657 |    1615 |  49.4 |      46 |      21 |  31.3
        D:8 |    1023 |    2001 |  66.2 |      14 |       4 |  22.2
        D:9 |     887 |     875 |  49.7 |      12 |       5 |  29.4
            +---------+---------+-------+---------+---------+-------
